 Dungeon Crawl Stone Soup version bcrawl-1.23.1-30-gcf7fa35852 (webtiles) character file.

Game seed: 15573288132230495734

1668 Hasart the Cutter (level 8, -14/67 HPs)
             Began as a Demigod Fighter on May 30, 2020.
             Demolished by a two-headed ogre
             ... wielding a +0 giant club
              (22 damage)
             ... on level 5 of the Dungeon.
             The game lasted 00:10:57 (4991 turns).

Hasart the Cutter (Demigod Fighter)                 Turns: 4991, Time: 00:10:58

Health: -14/67     AC:  8    Str: 24    XL:     8   Next: 69%
Magic:  13/14      EV:  8    Int: 12    God:    Demigod [**....]
Gold:   273        SH: 10    Dex: 16    Spells: 7/7 levels left

rFire    . . .     SeeInvis .   g - +3 dagger (elec)
rCold    . . .     Gourm    .   c - +0 medium shield
rNeg     . . .     Faith    .   b - +0 scale mail
rPois    .         Spirit   .   (no helmet)
rElec    .         Reflect  .   (no cloak)
rCorr    .         Harm     .   (no gloves)
MR       .....                  n - +0 pair of boots
Stlth    ..........             (no amulet)
HPRegen  0.21/turn              (no ring)
MPRegen  0.14/turn              (no ring)

@: no status effects
A: high mp 1
a: Temporal Distortion, Growth


You were on level 5 of the Dungeon.
You worshipped Demigod.
Demigod was pleased with you.
You were very hungry.

You visited 2 branches of the dungeon, and saw 6 of its levels.
You also visited: Sewer.

You collected 273 gold pieces.

Inventory:

Hand Weapons
 a - a +0 long sword
 g - a +3 dagger of electrocution (weapon)
 u - the +5 short sword "Ogrebane" {speed, Int+4}
   (You found it in a sewer)

   Attacks with this weapon are significantly faster.
   It affects your intelligence (+4).
 y - a +4 rapier of draining
Armour
 b - a +0 scale mail (worn)
 c - a +0 medium shield (worn)
 n - a +0 pair of boots (worn)
 z - a +2 scale mail of positive energy
Jewellery
 x - a +4 amulet of reflection {unknown}
Scrolls
 f - 2 scrolls of enchant weapon
 h - 3 scrolls of identify
 j - 6 scrolls of teleportation
 l - 4 scrolls of remove curse {unknown}
 m - 4 scrolls of amnesia
 o - a scroll of enchant armour {unknown}
 q - a scroll of fog {unknown}
 r - a scroll of magic mapping {unknown}
 s - 2 scrolls of fear {unknown}
Potions
 d - a potion of might
 i - 2 potions of agility {unknown}
 k - 2 potions of ambrosia {unknown}
 p - 2 potions of berserk rage {unknown}
 t - a potion of invisibility {unknown}
 v - 2 potions of curing {unknown}
 w - 3 potions of mutation {unknown}
Comestibles
 e - 5 rations {!d}


   Skills:
 + Level 4.5 Fighting
 * Level 5.2(5.4) Short Blades
 - Level 1.9(3.8) Long Blades
 + Level 4.7 Armour
 + Level 3.6 Dodging
 + Level 4.6 Shields
 + Level 5.0 Invocations


You had 7 spell levels left.
You didn't know any spells.
Your spell library was empty.

Dungeon Overview and Level Annotations

Branches:
Dungeon (5/12)             Temple (1/1) D:4


Innate Abilities, Weirdness & Mutations

You have an increased reservoir of magic. (+10% MP)


Message History

* * * LOW HITPOINT WARNING * * *
The two-headed ogre hits your plant with a +0 giant club!
The two-headed ogre hits your plant with a +0 giant club.
The two-headed ogre hits you with a +0 giant club!
* * * LOW HITPOINT WARNING * * *
The two-headed ogre hits your plant but does no damage.
The two-headed ogre hits your plant with a +0 giant club.
Unknown command.
You hit the two-headed ogre but do no damage.
The two-headed ogre is severely wounded.
Unknown command.
You hit the two-headed ogre but do no damage.
The two-headed ogre is severely wounded.
You block the two-headed ogre's attack.
The two-headed ogre hits your plant with a +0 giant club!
Your plant is destroyed!
The two-headed ogre hits your plant but does no damage.
The two-headed ogre hits you with a +0 giant club!!
You die...
Your divinity fades.

#.# #.# #### #.# #.#
...########<######.#
##.#..O......._.##<#
#.#.######.##[.##.#
##.#.# #.###.##.#
.....# #.##...#P#
##.### #....OP.P#
#...# ####..@###
###.... ..##.##
########.##.#
..[....<.##)#######
#######..##........
#.............
#.#.#####.....
##....# ###..
#.....# .


You could see a two-headed ogre.

Vanquished Creatures
  Pikel (D:5)
  Eustachio (D:4)
  A crocodile (Sewer)
  An orc warrior (D:4)
  A sky beast (D:4)
  An ice beast (D:5)
  An ogre (D:5)
  A big kobold (D:5)
  A howler monkey (D:5)
  4 crimson imps
  A hound (D:4)
  3 orc wizards
  3 worker ants
  6 adders
  An ooze (D:4)
  A worm (D:3)
  3 leopard geckos
  8 orcs
  2 ball pythons
  9 giant cockroaches
  2 goblins (D:1)
  4 hobgoblins
  18 jackals
  8 kobolds
  2 quokkas
  5 bats
  7 frilled lizards
  9 rats
105 creatures vanquished.

Vanquished Creatures (others)
  A slave (D:5)
  A howler monkey skeleton (D:5)
  7 plants
9 creatures vanquished.

Grand Total: 114 creatures vanquished

Notes
Turn   | Place    | Note
-------+----------+-------------------------------------------
     0 | D:1      | Hasart the Demigod Fighter began the quest for the Orb.
     0 | D:1      | Reached XP level 1. HP: 18/18 MP: 3/3
   174 | D:1      | Reached XP level 2. HP: 25/25 MP: 4/4
   459 | D:1      | Reached skill level 1 in Short Blades
   473 | D:1      | Reached XP level 3. HP: 18/30 MP: 6/6
   474 | D:1      | Reached skill level 1 in Invocations
   842 | D:2      | Reached skill level 1 in Dodging
   869 | D:2      | Reached * piety under Demigod
  1291 | D:2      | Reached XP level 4. HP: 37/37 MP: 7/7
  1650 | D:2      | Found an opulent altar of Gozag.
  1879 | D:3      | Found a hide-covered altar of Uskayaw.
  1927 | D:3      | Found a glowing drain.
  1957 | Sewer    | Entered a sewer
  1997 | Sewer    | Reached XP level 5. HP: 42/45 MP: 8/8
  2088 | Sewer    | Noticed a crocodile
  2094 | Sewer    | Killed a crocodile
  2147 | Sewer    | Got a slimy short sword
  2155 | Sewer    | Identified the +5 short sword "Ogrebane" {speed, Int+4}
                  | (You found it in a sewer)
  2305 | D:3      | Found a basalt altar of Yredelemnul.
  2378 | D:3      | Reached ** piety under Demigod
  2489 | D:4      | Reached XP level 6. HP: 51/51 MP: 10/10
  2600 | D:4      | Found a radiant altar of Vehumet.
  2774 | D:4      | Found a staircase to the Ecumenical Temple.
  2850 | D:4      | Noticed an orc warrior
  2865 | D:4      | HP: 2/51 [orc warrior/+2 glaive of freezing (3)]
  2883 | Temple   | Entered the Ecumenical Temple
  3398 | D:4      | Killed an orc warrior
  3721 | D:4      | Noticed Eustachio
  3737 | D:4      | Killed Eustachio
  3737 | D:4      | Reached XP level 7. HP: 51/58 MP: 12/12
  4027 | D:4      | Found a bloodstained altar of Trog.
  4285 | D:5      | Entered Level 5 of the Dungeon
  4289 | D:5      | Found an ornate altar of the Wu Jian Council.
  4339 | D:5      | Noticed a two-headed ogre
  4619 | D:5      | Reached XP level 8. HP: 20/66 MP: 12/14
  4700 | D:5      | Noticed Pikel
  4711 | D:5      | Killed Pikel
  4711 | D:5      | Reached skill level 5 in Short Blades
  4790 | D:5      | Reached skill level 5 in Invocations
  4991 | D:5      | Demolished by a two-headed ogre

Skill      XL: |  1  2  3  4  5  6  7  8 |
---------------+-------------------------+-----
Short Blades   | 1 2 3 4 5 |  5.2
Invocations    | 1 2 3 4 5 |  5.0
Dodging        | 1 2 3 |  3.6
Shields        | 3 4 |  4.6
Armour         | 3 4 |  4.7
Fighting       | 3 4 |  4.5
Long Blades    | |  1.9

Action                   |  1- 3 |  4- 6 |  7- 9 || total
-------------------------+-------+-------+-------++-------
Melee: Long sword        |    16 |       |       ||    16
       Dagger            |   124 |    84 |    87 ||   295
       Short sword       |       |    24 |       ||    24
       Rapier            |       |       |    28 ||    28
Invok: Growth            |       |     1 |     2 ||     3
  Use: Scroll            |       |     4 |     1 ||     5
  Eat: Chunk             |     1 |     5 |     3 ||     9
       Ration            |       |     1 |       ||     1
Armor: Scale mail        |    64 |    30 |    34 ||   128
Dodge: Dodged            |    34 |    19 |    28 ||    81
Block: Medium shield     |    80 |    60 |    38 ||   178
